cohdb
Replays
Latest Replays
All Replays
Popular Replays
Top Player Replays
Match Explorer
How It Works
Community
CoH3 Stats
Reddit
Sign in to upload your games and track your stats! →
Sign in with Steam
Match 44946600
Unlisted
Match 44946600
Overview
Messages
Build Orders
End
Selects Armored Battlegroup
Selects Assault Engineers
Assault Engineer Squad
Construct Barracks
Riflemen Squad
Construct Weapon Support Center
Bazooka Squad
Assault Engineer Squad
M1919 Machine Gun Team
Construct Medical Station
Selects Fast Deploy
Mechanized Support Center
M3 Armored Personnel Carrier
M3 Armored Personnel Carrier
Assault Engineer Squad
Bazooka Squad
Improved M9 Bazooka Rockets
Gonvalen
Brother
0
0
Comments
sign in to comment!
No comments posted yet!